 Dungeon Crawl Stone Soup version 0.31.0-9-g3a7656b989 (webtiles) character file.

Game seed: 16451807282927197680

106 qw the Skirmisher (level 4, 0/21 (25) HPs)
             Began as a Deep Elf Hunter on Feb 2, 2024.
             Slain by Terence
             ... wielding the +7 Throatcutter {drain, coup de grace}
              (2 damage)
             ... on level 2 of the Dungeon.
             The game lasted 00:00:35 (1408 turns).

qw the Skirmisher (Deep Elf Hunter)                 Turns: 1408, Time: 00:00:36

HP:   0/21 (25)     AC:  7    Str: 10    XL:     4   Next: 55%
MP:   6/6           EV: 11    Int: 14    God:
Gold: 68            SH:  0    Dex: 18    Spells: 3/3 levels left

rFire   . . .        a - +0 shortbow
rCold   . . .        (shield currently unavailable)
rNeg    . . .        f - +0 ring mail
rPois   .            (no helmet)
rElec   .            (no cloak)
rCorr   .            (no gloves)
SInv    .            d - +1 pair of boots
Will    .....        j - amulet of regeneration
Stlth   +            (no ring)
HPRegen 1.03/turn    (no ring)
MPRegen 0.10/turn

%: no passive effects
@: heavily drained
A: no striking features
a: no special abilities


You were on level 2 of the Dungeon.
You visited 1 branch of the dungeon, and saw 2 of its levels.

You collected 68 gold pieces.


   Skills:
 - Level 1.5 Fighting
 + Level 8.0 Ranged Weapons
 - Level 2.4 Dodging
 - Level 1.2 Stealth


You had 3 spell levels left.
You didn't know any spells.
Your spell library was empty.

Inventory:

Hand Weapons
 a - a +0 shortbow (weapon)
Armour
 d - a +1 pair of boots (worn)
 f - a +0 ring mail (worn)
Jewellery
 j - an amulet of regeneration (around neck)
Scrolls
 b - a scroll of identify
Potions
 c - a potion of magic {unknown}
 h - a potion of curing

Dungeon Overview and Level Annotations

Branches:
Dungeon (2/15)

Altars:

Annotations:
D:2 Terence


Message History

You shoot an arrow. The arrow hits the endoplasm.
You kill the endoplasm!
You shoot an arrow. The arrow closely misses the hobgoblin.
The hobgoblin shouts!
You shoot an arrow. The arrow hits the hobgoblin.
You kill the hobgoblin!
Your Ranged Weapons skill increases to level 8!
A hobgoblin comes into view.
The hobgoblin shouts!
Terence the Incautious comes into view.
He is wielding the +7 Throatcutter {drain, coup de grace} and wearing a +2 ring mail of willpower.
You shoot an arrow.
Terence shouts!
The arrow hits the hobgoblin.
The hobgoblin is severely wounded.
You shoot an arrow. The arrow hits the hobgoblin.
The hobgoblin is almost dead.
You shoot an arrow. The arrow hits the hobgoblin.
You kill the hobgoblin!
You shoot an arrow. The arrow barely misses Terence.
You shoot an arrow. The arrow closely misses Terence.
You shoot an arrow. The arrow barely misses Terence.
Terence hits you with the +7 Throatcutter {drain, coup de grace}.
You feel drained.
You shoot an arrow. The arrow hits Terence.
Terence is lightly wounded.
Terence closely misses you. Terence misses you.
You shoot an arrow.
The arrow hits Terence but does no damage.
Terence is lightly wounded.
Terence hits you but does no damage.
You feel drained.
You shoot an arrow. The arrow closely misses Terence.
Terence hits you with the +7 Throatcutter {drain, coup de grace}.
You feel drained.
You shoot an arrow. The arrow barely misses Terence.
Terence looks scornfully at you.
Terence hits you with the +7 Throatcutter {drain, coup de grace}!
Ouch! That really hurt!
You feel drained.
You die...
Terence says, "That felt goooood."

#.# #.# #.# #.# ######
#.# #.# #.....#####
#.###.# ..........#
#.#...# ..........#
#.#.##### ..........#
#.#...... ..........#
##.#######
......@@..#####..#######
..........##PPPPP......#
..........##P$$$P#####.#
..........##P$$$P.......
..........#.P$$$P#####.#
..........#.PPPPP......#
..........#..#.####.....
..........##.#.# #.####
.........##.#.# #.....


You could see Terence.

Vanquished Creatures
  3 adders (D:2)
  3 gnolls (D:2)
  A dart slug (D:1)
  A ribbon worm (D:2)
  3 bats (D:1)
  6 endoplasms
  A giant cockroach (D:2)
  4 hobgoblins
  3 jackals
  4 kobolds
  3 quokkas (D:1)
  3 ball pythons (D:1)
  A frilled lizard (D:1)
  3 goblins
  5 rats
44 creatures vanquished.

Notes
Turn   | Place    | Note
-------+----------+-------------------------------------------
     0 | D:1      | qw the Deep Elf Hunter began the quest for the Orb.
     0 | D:1      | Reached XP level 1. HP: 12/12 MP: 3/3
     0 | D:1      | 0 ||| qw: Version: 0.3-a-155-g5e7d8dd
     0 | D:1      | 0 ||| qw: Game counter: 2845
     0 | D:1      | 0 ||| qw: Melee chars always use a shield: true
     0 | D:1      | 0 ||| qw: God list: Okawaru
     0 | D:1      | 0 ||| qw: Allow faded altars: false
     0 | D:1      | 0 ||| qw: Do Orc after clearing Dungeon:15 true
     0 | D:1      | 0 ||| qw: Do second Lair branch before Depths: true
     0 | D:1      | 0 ||| qw: Lair rune preference: random
     0 | D:1      | 0 ||| qw: Goals: Normal
     0 | D:1      | 0 ||| PLANNING D:1-11
    55 | D:1      | Reached XP level 2. HP: 15/16 MP: 4/4
    76 | D:1      | Reached skill level 6 in Ranged Weapons
   462 | D:1      | Reached XP level 3. HP: 20/20 MP: 5/5
   620 | D:1      | 620 ||| UPGRADING to +0 pair of boots.
   625 | D:1      | 625 ||| UPGRADING to amulet of guardian spirit.
   630 | D:1      | 630 ||| UPGRADING to amulet of regeneration.
   640 | D:1      | 640 ||| DROPPING amulet of guardian spirit.
   641 | D:1      | 641 ||| READING scroll labelled ECAWNO YCVIQO.
   642 | D:1      | 642 ||| READING scroll labelled BOOBRO DUUFY.
   643 | D:1      | 643 ||| DROPPING scroll of butterflies.
   658 | D:2      | 658 ||| STAIRDANCE
   662 | D:2      | 662 ||| STAIRDANCE
   704 | D:2      | Reached skill level 7 in Ranged Weapons
   859 | D:2      | 859 ||| UPGRADING to +0 ring mail.
   869 | D:2      | 869 ||| DROPPING +0 leather armour.
   870 | D:2      | 870 ||| READING scroll labelled DUOCRA WOIRPH.
   870 | D:2      | 870 ||| IDENTIFYING ruby potion
   871 | D:2      | 871 ||| READING scroll labelled FARUM SEOJ.
   871 | D:2      | 871 ||| ENCHANTING +0 pair of boots.
   872 | D:2      | 872 ||| DRINKING 2 fizzy silvery potions.
   873 | D:2      | 873 ||| FLEEEEING.
   874 | D:2      | 874 ||| FLEEEEING.
   875 | D:2      | 875 ||| FLEEEEING.
   876 | D:2      | 876 ||| FLEEEEING.
   877 | D:2      | 877 ||| FLEEEEING.
   878 | D:2      | 878 ||| FLEEEEING.
   879 | D:2      | 879 ||| FLEEEEING.
   880 | D:2      | 880 ||| STAIRDANCE
   982 | D:1      | 982 ||| DROPPING potion of berserk rage.
  1046 | D:2      | 1046 ||| RETREEEEATING.
  1047 | D:2      | 1047 ||| RETREEEEATING.
  1048 | D:2      | 1048 ||| RETREEEEATING.
  1049 | D:2      | 1049 ||| RETREEEEATING.
  1050 | D:2      | 1050 ||| RETREEEEATING.
  1051 | D:2      | 1051 ||| RETREEEEATING.
  1053 | D:2      | 1053 ||| RETREEEEATING.
  1060 | D:2      | Reached XP level 4. HP: 14/25 MP: 6/6
  1061 | D:2      | HP: 6/25 [gnoll/+2 flail of protection (7)]
  1353 | D:2      | Reached skill level 8 in Ranged Weapons
  1398 | D:2      | Noticed Terence
  1408 | D:2      | HP: 2/22 [Terence/the +7 Throatcutter {drain, coup de
                  | grace} (17)]
  1408 | D:2      | Slain by Terence

Levels and vault maps discovered:
D:1:      spicycebolla_arrival_ecumenical, layout_basic, serial_bayou_pond_e,
          minivault_27, kennysheep_decorative_pillar
D:2:      layout_basic, minmay_gold_behind_fungi, kennysheep_generic_room_13,
          uniq_terence

Skill      XL: |  1  2  3  4 |
---------------+-------------+-----
Ranged Weapons | 6 7 8 |  8.0
Fighting       | |  1.5
Dodging        | |  2.4
Stealth        | |  1.2

Action                     |  1- 3 |  4- 6 || total
---------------------------+-------+-------++-------
   Fire: Shortbow          |    95 |    32 ||   127
    Use: Scroll            |     4 |       ||     4
         Potion            |     1 |       ||     1
 Armour: Leather armour    |    22 |       ||    22
         Ring mail         |     4 |     7 ||    11
  Dodge: Dodged            |    48 |     7 ||    55

Table legend:
 A = Non-vault XP
 B = Vault XP
 C = Vault XP percentage of total XP
 D = Non-vault monster count
 E = Vault monster count
 F = Vault count percentage of total count
                 A         B        C        D         E       F
            +---------+---------+-------+---------+---------+-------
      Total |     152 |       0 |   0.0 |      44 |       0 |   0.0
            +---------+---------+-------+---------+---------+-------
        D:1 |      45 |       0 |   0.0 |      25 |       0 |   0.0
        D:2 |     107 |       0 |   0.0 |      19 |       0 |   0.0
            +---------+---------+-------+---------+---------+-------
